 Dungeon Crawl Stone Soup version 0.17.0-24-gcfadda4 (console) character file.

35 gw the Chucker (level 3, -2/28 HPs)
             Began as a Demonspawn Hunter on Nov 16, 2015.
             Slain by Terence
             ... wielding a +0 mace
              (6 damage)
             ... on level 2 of the Dungeon.
             The game lasted 00:00:43 (1481 turns).

gw the Chucker (Demonspawn Hunter)                  Turns: 1481, Time: 00:00:43

Health: -2/28      AC:  1    Str: 12    XL:     3   Next: 16%
Magic:  3/3        EV: 12    Int: 12    God:
Gold:   61         SH:  0    Dex: 14    Spells: 0 memorised, 2 levels left

rFire  . . .     SeeInvis .     c - +0 short sword
rCold  . . .     Rnd*Rage +     d - +0 leather armour
rNeg   . . .     SustAt   .     (no shield)
rPois  .         Gourm    .     (no helmet)
rElec  .         Spirit   .     (no cloak)
rCorr  .         Warding  .     (no gloves)
rMut   .         Stasis   .     (no boots)
MR     .....                    (no amulet)
Stlth  +.........               (no ring)
                                (no ring)

@: not resistant to hostile enchantments, very unstealthy
A: claws 2, berserk 1, blurry vision 1, deformed body
a: no special abilities


You were on level 2 of the Dungeon.
You were not hungry.

You visited 1 branch of the dungeon, and saw 2 of its levels.

You collected 61 gold pieces.

Inventory:

Hand Weapons
 c - a +0 short sword (weapon)
Missiles
 a - a javelin (quivered)
 b - 2 throwing nets
 f - 88 stones
Armour
 d - a +0 leather armour (worn)
Scrolls
 j - 2 scrolls of teleportation
Comestibles
 e - a bread ration


   Skills:
 + Level 2.3 Fighting
 * Level 4.0 Throwing
 + Level 1.4 Armour
 - Level 1.7 Dodging
 - Level 0.8 Stealth


You had 2 spell levels left.
You didn't know any spells.

Dungeon Overview and Level Annotations

Branches:
Dungeon (2/15)

Altars:

Annotations:
D:2 Robin, Terence


Innate Abilities, Weirdness & Mutations

You have very sharp fingernails.
You tend to lose your temper in combat.
Scrolls take you a little longer to read.
Armour fits poorly on your strangely shaped body.


Message History

A hobgoblin comes into view.
ATTACK MOVE TO (0,1)
The hobgoblin shouts!
You hit the goblin.
You kill the goblin!
Robin roars a battlecry!
The goblin goes into a battle-frenzy!
A goblin comes into view.
The goblin shouts!
You hear a shout!
You hear a shout!
ATTACK MOVE TO (0,1)
You hit Robin.
Robin is lightly wounded.
Terence asks, "Do you want it fast or slow?"
Terence hits you with a mace. Robin barely misses you.
A goblin comes into view. It is wielding a dagger.
ATTACK MOVE TO (0,1)
You hit Robin but do no damage.
Robin is lightly wounded.
Terence hits you with a mace.
You die...

............#
.....#...##.#
........###.#
......#.# #.#
......#.>##.#
.........#..#
.....#....#########
... ##...........#
#....6......#
#.......g@.....#
..........(....#
............(...#
.#.#.....gg.g(..#
..###...........
......g...>.
###.##...##g(


You could see Terence, Robin, a hobgoblin (frenzied) and 4 goblins.

Table legend:
 A = Turns spent in this place as a percentage of turns spent in the entire game.
 B = Non-inter-level travel turns spent in this place as a percentage of non-inter-level travel turns spent in the entire game.
 C = Inter-level travel turns spent in this place as a percentage of turns spent in this place.
 D = Turns resting spent in this place as a percentage of non-inter-level travel turns spent in this place.
 E = Turns spent auto-exploring this place as a percentage of non-inter-level travel turns spent in this place.
 F = Non-inter-level travel turns spent in this place divided by the number of levels of this place that you've seen.
                   A       B       C       D       E      F
               +-------+-------+-------+-------+-------+----------------------
         Total | 100.0 | 100.0 |   0.4 |   1.0 |   3.0 | 778.5
       Dungeon | 100.0 | 100.0 |   0.4 |   1.0 |   3.0 | 778.5
               +-------+-------+-------+-------+-------+----------------------

Table legend:
 A = Kills in this place as a percentage of kills in entire the game.
 B = Kills by you in this place as a percentage of kills by you in the entire game.
 C = Kills by friends in this place as a percentage of kills by friends in the entire game.
 D = Other kills in this place as a percentage of other kills in the entire game.
 E = Experience gained in this place as a percentage of experience gained in the entire game.
 F = Experience gained in this place divided by the number of levels of this place that you have seen.
                   A       B       C       D       E      F
               +-------+-------+-------+-------+-------+----------------------
         Total | 100.0 | 100.0 |  -nan |  -nan | 100.0 |  25.0
       Dungeon | 100.0 | 100.0 |  -nan |  -nan | 100.0 |  25.0
               +-------+-------+-------+-------+-------+----------------------

Vanquished Creatures
  A gnoll (D:1)
  An ooze (D:1)
  6 goblins
  2 hobgoblins (D:1)
  3 bats (D:1)
  2 giant cockroaches (D:1)
  2 giant newts (D:1)
  4 kobolds (D:1)
  2 rats
23 creatures vanquished.

Notes
Turn   | Place    | Note
--------------------------------------------------------------
     0 | D:1      | gw the Demonspawn Hunter began the quest for the Orb.
     0 | D:1      | Reached XP level 1. HP: 16/16 MP: 1/1
   386 | D:1      | Reached skill level 1 in Armour
   386 | D:1      | Gained mutation: You have sharp fingernails. [demonic ancestry]
   386 | D:1      | Reached XP level 2. HP: 22/22 MP: 2/2
   879 | D:1      | Reached skill level 4 in Throwing
   947 | D:1      | Gained mutation: You have very sharp fingernails. [demonic ancestry]
   947 | D:1      | Reached XP level 3. HP: 28/28 MP: 3/3
  1412 | D:1      | Gained mutation: Scrolls take you a little longer to read. [potion of mutation]
  1412 | D:1      | Gained mutation: You tend to lose your temper in combat. [potion of mutation]
  1412 | D:1      | Gained mutation: Armour fits poorly on your strangely shaped body. [potion of mutation]
  1459 | D:2      | Noticed Terence
  1473 | D:2      | Noticed Robin
  1481 | D:2      | Slain by Terence

Action                   || total
-------------------------++-------
Melee: Short sword       ||    60
Throw: Javelin           ||    30
  Use: Scroll            ||     3
       Potion            ||     3
 Stab: Sleeping          ||     1
  Eat: Chunk             ||     2

Vault maps used:
D:1:      dpeg_arrival_rooms_c, serial_co_window_serial, co_window_paths_a,
          co_window_of_opportunity_a, co_window_paths_b, co_window_corner_a,
          co_window_paths_a, co_window_paths_a, co_window_corner_a,
          co_window_corner_cb, co_window_cross_4, co_window_corner_cb,
          co_window_corner_cb, glass_columns_c, item_on_display_a
D:2:      first_bread, uniq_robin, uniq_terence
